 Dungeon Crawl Stone Soup version 0.18.1-8-gdd0e5ea (webtiles) character file.

121 m0ast the Ruffian (level 5, -1/46 HPs)
             Began as a Ghoul Monk on May 21, 2016.
             Slain by a hobgoblin
             ... wielding a +0 club
             ... led by Robin
              (5 damage)
             ... on level 3 of the Dungeon.
             The game lasted 00:13:02 (3214 turns).

m0ast the Ruffian (Ghoul Monk)                      Turns: 3214, Time: 00:13:03

Health: -1/46      AC:  3    Str: 15    XL:     5   Next: 5%
Magic:  4/4        EV: 12    Int: 10    God:
Gold:   98         SH:  0    Dex: 12    Spells: 0 memorised, 4 levels left

rFire  . . .     SeeInvis .       - Unarmed
rCold  + . .     Gourm    .     c - +0 leather armour (curse)
rNeg   + + +     Faith    .     (no shield)
rPois  ∞         Spirit   .     (no helmet)
rElec  .         Dismiss  .     (no cloak)
rCorr  .         Reflect  .     (no gloves)
SustAt .         Harm     .     (no boots)
MR     .....                    (no amulet)
Stlth  ++........               (no ring)
                                (no ring)

@: brilliant, flying, rotting, not resistant to hostile enchantments, unstealthy
A: rotting body, claws 1, carnivore 3, cold resistance 1, negative energy
resistance 3, slow regeneration 1, torment resistance, unbreathing
a: no special abilities


You were on level 3 of the Dungeon.
You were not hungry.

You visited 1 branch of the dungeon, and saw 3 of its levels.

You collected 98 gold pieces.

Inventory:

Armour
 a - a +0 robe
 c - a cursed +0 leather armour (worn)
 n - a +2 robe of cold resistance
Scrolls
 d - a scroll of immolation
 f - 2 scrolls of enchant armour {unknown}
 i - a scroll of random uselessness {unknown}
 l - 2 scrolls of identify
 o - 2 scrolls of remove curse
 p - a scroll of fear {unknown}
 q - a scroll of magic mapping {unknown}
Potions
 e - a potion of flight
Comestibles
 j - a royal jelly
 k - a beef jerky
 r - 3 chunks of flesh


   Skills:
 + Level 4.1 Fighting
 + Level 3.2 Dodging
 + Level 3.5 Stealth
 + Level 5.2 Unarmed Combat


You had 4 spell levels left.
You didn't know any spells.

Dungeon Overview and Level Annotations

Branches:
Dungeon (3/15)

Altars:

Annotations:
D:3 Robin


Innate Abilities, Weirdness & Mutations

Your body is rotting away.
You thrive on raw meat.
You are immune to poison.
You have sharp fingernails.
You are carnivorous and can eat meat at any time.
Your flesh is cold resistant.
You are immune to negative energy.
You regenerate slowly when monsters are visible.
You are immune to unholy pain and torment.
You can survive without breathing.


Message History

You barely miss the hobgoblin. Robin hits you from afar with a spear.
* * * LOW HITPOINT WARNING * * *
The hobgoblin barely misses you.
You closely miss the hobgoblin.
The hobgoblin no longer looks unusually strong.
Robin completely misses you. The hobgoblin closely misses you.
You barely miss the hobgoblin. Robin hits you from afar with a spear.
* * * LOW HITPOINT WARNING * * *
Robin roars a battlecry!
The hobgoblin goes into a battle-frenzy!
It was a potion of magic.
Magic courses through your body. The hobgoblin completely misses you.
It was a potion of brilliance.
You feel clever all of a sudden. Robin hits you from afar with a spear.
* * * LOW HITPOINT WARNING * * *
The hobgoblin closely misses you.
It was a potion of lignification.
You feel woody for a moment. Robin barely misses you.
The hobgoblin hits you with a club.
You die...

.######.# '## #.#
..# #.# ..# #.#
..# #.#
..#####.#######
.............>####
..g.....#.#.#....#
....g...#.#.#.##@#
.......K#.#.#.##g#
#######.gg....##g#
###)#.#.##g#
#.######g#
#.Kg.g.K.#
##########


You could see Robin (inner flame), 3 hobgoblins and a kobold (inner flame).

Vanquished Creatures
  Jessica (D:2)
  Terence (D:2)
  2 adders (D:2)
  An ooze (D:1)
  A dart slug (D:1)
  2 giant geckos
  3 ball pythons
  A giant cockroach (D:2)
  10 goblins
  4 hobgoblins
  5 bats
  2 giant newts (D:1)
  9 kobolds
  5 rats
47 creatures vanquished.

Notes
Turn   | Place    | Note
--------------------------------------------------------------
     0 | D:1      | m0ast the Ghoul Monk began the quest for the Orb.
     0 | D:1      | Reached XP level 1. HP: 19/19 MP: 0/0
   251 | D:1      | Reached XP level 2. HP: 23/26 MP: 1/1
  1087 | D:1      | Reached XP level 3. HP: 29/32 MP: 2/2
  1816 | D:2      | Noticed Terence
  1837 | D:2      | Killed Terence
  1837 | D:2      | Reached XP level 4. HP: 11/40 MP: 3/3
  2128 | D:2      | Noticed Jessica
  2137 | D:2      | Killed Jessica
  2137 | D:2      | Reached skill level 5 in Unarmed Combat
  3140 | D:3      | Reached XP level 5. HP: 46/46 MP: 4/4
  3156 | D:3      | Noticed Robin
  3197 | D:3      | HP: 1/46 [hobgoblin/club[Robin] (5)]
  3214 | D:3      | Slain by a hobgoblin

Skill      XL: |  1  2  3  4 |
---------------+-------------+-----
Dodging        | 3 |  3.2
Stealth        | 3 |  3.5
Fighting       | 4 |  4.1
Unarmed Combat | 5 |  5.2

Action                   |  1- 3 |  4- 6 || total
-------------------------+-------+-------++-------
Melee: Unarmed           |   105 |    72 ||   177
       Punch             |       |     1 ||     1
  Use: Scroll            |       |     3 ||     3
       Potion            |       |     6 ||     6
 Stab: Sleeping          |     2 |     3 ||     5
  Eat: Chunk             |     7 |     8 ||    15
       Meat ration       |     1 |       ||     1
       Beef jerky        |       |     1 ||     1
Armor: Robe              |    33 |       ||    33
       Leather armour    |     2 |    12 ||    14
Dodge: Dodged            |    67 |    53 ||   120
